 Dungeon Crawl Stone Soup version 0.21.1-1-g345015fe64 (webtiles) character file.

580 Lothor the Magician (level 7, 0/56 HPs)
             Began as a Naga Ice Elementalist on Mar 24, 2018.
             Slain by Menkaure (24 damage)
             ... on level 4 of the Dungeon.
             The game lasted 00:29:43 (5110 turns).

Lothor the Magician (Naga Ice Elementalist)         Turns: 5110, Time: 00:29:44

Health: 0/56       AC:  6    Str: 10    XL:     7   Next: 36%
Magic:  14/15      EV:  9    Int: 17    God:
Gold:   162        SH:  3    Dex: 12    Spells: 10/16 levels left

rFire    . . .     SeeInvis +   v - +0 hunting sling
rCold    + . .     Gourm    .   u - +0 buckler
rNeg     . . .     Faith    .   a - +0 robe
rPois    +         Spirit   .   f - +2 helmet
rElec    .         Reflect  .   (no cloak)
rCorr    .         Harm     .   (no gloves)
MR       .....                  (no barding)
Stlth    ++........             (no amulet)
HPRegen  0.18/turn              x - ring of protection from cold
MPRegen  0.14/turn              (no ring)

@: very slow
A: large, see invisible, deformed body, poison resistance, slowness 2, slow
metabolism 1, spit poison 1, AC +2
a: Spit Poison


You were on level 4 of the Dungeon.
You were very hungry.

You visited 1 branch of the dungeon, and saw 4 of its levels.

You collected 162 gold pieces.

Inventory:

Hand Weapons
 h - a +0 mace
 v - a +0 hunting sling (weapon)
Missiles
 s - 263 stones (quivered)
 w - 51 sling bullets
Armour
 a - a +0 robe (worn)
 f - a +2 helmet (worn)
 u - a +0 buckler (worn)
Jewellery
 x - a ring of protection from cold (left hand)
Scrolls
 g - a scroll of remove curse
 i - a scroll of random uselessness {unknown}
 k - 4 scrolls of identify
 n - a scroll of enchant armour {unknown}
 p - 2 scrolls of amnesia {unknown}
 r - a scroll of teleportation {unknown}
Potions
 e - a potion of lignification
 j - a potion of curing
 l - a potion of agility {unknown}
 m - a potion of mutation {unknown}
 o - a potion of berserk rage {unknown}
 q - a potion of brilliance {unknown}
Books
 b - a book of Frost

   Spells                             Type                      Level
   a - Freeze                         Ice                          1
   b - Throw Frost                    Conjuration/Ice              2
   c - Ozocubu's Armour               Charms/Ice                   3
   d - Throw Icicle                   Conjuration/Ice              4
   e - Summon Ice Beast               Ice/Summoning                4
Comestibles
 c - 6 rations


   Skills:
 - Level 0.6 Fighting
 - Level 0.6 Maces & Flails
 + Level 2.1 Dodging
 + Level 3.6 Stealth
 + Level 0.1 Shields
 + Level 5.3 Spellcasting
 + Level 1.5 Conjurations
 + Level 5.2 Ice Magic


You had 10 spell levels left.
You knew the following spells:

 Your Spells              Type           Power        Failure   Level  Hunger
a - Freeze                Ice            ###.         2%          1    None
b - Throw Frost           Conj/Ice       ###...       9%          2    #......
c - Ozocubu's Armour      Chrm/Ice       ##......     22%         3    ##.....


Dungeon Overview and Level Annotations

Branches:
Dungeon (4/15)
 Temple: D:4-7

Altars:
Fedhas
Trog
The Shining One

Annotations:
D:4 Menkaure, Pikel


Innate Abilities, Weirdness & Mutations

You cannot wear boots.
Your serpentine skin is tough. (AC +2)
You have supernaturally acute eyesight. (SInv)
Armour fits poorly on your strangely shaped body.
Your system is resistant to poisons. (rPois)
You cover ground very slowly.
You have a slow metabolism.
You can spit poison.


Message History

Pikel is wielding a whip of electrocution.
A slave comes into view.
Pikel shouts!
The slave shouts!
Menkaure is no longer moving quickly.
The slave shouts!
A slave comes into view.
The slave shouts!
The slave hits you. You block Menkaure's attack.
A leopard gecko comes into view.
Really attack while wielding your +0 hunting sling?
Okay, then.
Casting: Freeze
Confirm with . or Enter, or press ? or * to list all spells.
Aiming: Freeze
Press: ? - help, Shift-Dir - straight line, f - slave
Aim: a slave, wearing an animal skin You freeze the slave.
The slave is lightly wounded.
The slave closely misses you. You block Pikel's attack. Menkaure hits you!!
You die...

.....##.###.........
.....................
.......#.#..!%......$
.......#.#.#.........
.......#.#...........
.......#.#...........
.......#.# ## #
......p#M# ....ppK@.#
.l....p### .......
######. .. ##


You could see Pikel, 4 slaves, Menkaure and a leopard gecko.

Vanquished Creatures
  A sky beast (D:3)
  2 big kobolds
  A bullfrog (D:3)
  A howler monkey (D:2)
  An orc wizard (D:3)
  4 gnolls (D:3)
  An adder (D:2)
  An ooze (D:3)
  4 dart slugs
  4 worms
  A leopard gecko (D:1)
  7 orcs
  5 giant cockroaches
  32 goblins
  34 hobgoblins
  6 jackals (D:1)
  4 kobolds
  3 quokkas
  A ball python (D:3)
  5 bats
  4 frilled lizards (D:2)
  9 rats
131 creatures vanquished.

Notes
Turn   | Place    | Note
-------+----------+-------------------------------------------
     0 | D:1      | Lothor the Naga Ice Elementalist began the quest for the Orb.
     0 | D:1      | Reached XP level 1. HP: 15/15 MP: 3/3
   271 | D:1      | Reached XP level 2. HP: 18/22 MP: 0/5
   691 | D:1      | Learned a level 2 spell: Throw Frost
   878 | D:1      | Reached XP level 3. HP: 28/28 MP: 3/6
  1208 | D:1      | Learned a level 3 spell: Ozocubu's Armour
  1754 | D:2      | Found a bloodstained altar of Trog.
  1773 | D:2      | Reached XP level 4. HP: 13/36 MP: 0/8
  2232 | D:2      | Found a glowing golden altar of the Shining One.
  2860 | D:3      | Reached XP level 5. HP: 43/43 MP: 0/9
  3012 | D:3      | Found a blossoming altar of Fedhas.
  3490 | D:3      | Reached XP level 6. HP: 41/50 MP: 2/12
  3588 | D:3      | Noticed a sky beast
  3597 | D:3      | Killed a sky beast
  4319 | D:3      | Reached skill level 5 in Ice Magic
  4346 | D:3      | HP: 2/75 [gnoll/spear (2)]
  4495 | D:3      | Reached XP level 7. HP: 30/56 MP: 14/14
  4858 | D:3      | Reached skill level 5 in Spellcasting
  5093 | D:4      | Noticed Menkaure
  5107 | D:4      | Noticed Pikel
  5110 | D:4      | Slain by Menkaure

Skill      XL: |  1  2  3  4  5  6  7 |
---------------+----------------------+-----
Spellcasting   | 3 4 5 |  5.3
Ice Magic      | 4 5 |  5.2
Dodging        | 2 |  2.1
Fighting       | |  0.6
Maces & Flails | |  0.6
Stealth        | |  3.6
Shields        | |  0.1
Conjurations   | |  1.5

Action                   |  1- 3 |  4- 6 |  7- 9 || total
-------------------------+-------+-------+-------++-------
Melee: Club              |     7 |       |       ||     7
       Mace              |     9 |     7 |       ||    16
 Fire: Hunting sling     |       |    43 |     8 ||    51
 Cast: Freeze            |    43 |    96 |    19 ||   158
       Throw Frost       |    11 |    30 |       ||    41
 Abil: Spit Poison       |       |    35 |     8 ||    43
  Use: Scroll            |     1 |     2 |     1 ||     4
       Potion            |       |     2 |     1 ||     3
 Stab: Sleeping          |     1 |       |       ||     1
  Eat: Chunk             |     3 |    10 |     1 ||    14
Armor: Robe              |    10 |    51 |    12 ||    73
       Skin              |       |     9 |       ||     9
Dodge: Dodged            |    34 |    78 |    28 ||   140
Block: Buckler           |       |    18 |     9 ||    27
